 Dungeon Crawl Stone Soup version 0.28.0-45-g0d030f2227 (webtiles) character file.

Game seed: 2932774936684913791

59 Peloso the Covered (level 3, 0/33 HPs)
             Began as a Minotaur Fighter on Apr 4, 2022.
             Slain by a kobold brigand
             ... wielding a +0 club
              (5 damage)
             ... on level 3 of the Dungeon.
             The game lasted 00:01:54 (1132 turns).

Peloso the Covered (Minotaur Fighter)               Turns: 1132, Time: 00:01:55

Health: 0/33       AC: 14    Str: 20    XL:     3   Next: 78%
Magic:  2/2        EV:  9    Int:  5    God:
Gold:   81         SH:  4    Dex: 11    Spells: 2/2 levels left

rFire   . . .      SeeInvis .   a - +0 long sword
rCold   + . .      Faith    .   c - +0 buckler
rNeg    . . .      Spirit   .   i - +7 Kryia's mail coat {PotionHeal*2 rC+}
rPois   .          Reflect  .   (helmet restricted)
rElec   .          Harm     .   (no cloak)
rCorr   .          Rampage  .   (no gloves)
Will    .....                   (no boots)
Stlth   ..........              (no amulet)
HPRegen 0.11/turn               (no ring)
MPRegen 0.08/turn               (no ring)

@: slowed, very slow
A: horns 2, retaliatory headbutt
a: no special abilities


You were on level 3 of the Dungeon.
You visited 1 branch of the dungeon, and saw 3 of its levels.

You collected 81 gold pieces.

Inventory:

Hand Weapons
 a - a +0 long sword (weapon)
Armour
 b - a +0 scale mail
 c - a +0 buckler (worn)
 i - the +7 Kryia's mail coat (worn) {PotionHeal*2 rC+}
   (You found it on level 2 of the Dungeon)

   Potions are twice as effective at healing its wearer.
   rC:        It protects you from cold.
Scrolls
 e - a scroll of torment {unknown}
 f - a scroll of holy word {unknown}
 h - a scroll of magic mapping {unknown}
Potions
 d - a potion of might
 g - a potion of heal wounds {unknown}
 j - a potion of degeneration {unknown}


   Skills:
 + Level 4.2 Fighting
 + Level 3.1 Long Blades
 + Level 4.5 Armour
 + Level 0.1 Dodging
 + Level 4.1 Shields


You had 2 spell levels left.
You didn't know any spells.
Your spell library contained the following spells:

 Spells                   Type           Power      Damage    Failure   Level
 Gell's Gravitas          Tloc           0%         N/A       99%         3
 Lesser Beckoning         Tloc           0%         N/A       99%         3
 Teleport Other           Tloc           0%         N/A       99%         3


Dungeon Overview and Level Annotations

Branches:
Dungeon (3/15)

Altars:
Xom


Innate Abilities, Weirdness & Mutations

You have a pair of horns on your head.
You reflexively headbutt those who attack you in melee.


Message History

You kill the hobgoblin!
Things that are here:
a +0 club; a hobgoblin corpse
Things that are here:
a +0 club; a hobgoblin corpse
Things that are here:
a +0 club; a hobgoblin corpse
There is a stone staircase leading up here.
Things that are here:
a +0 club; a hobgoblin corpse
Things that are here:
a +0 club; a hobgoblin corpse The kobold brigand shouts!
The kobold brigand throws a curare-tipped dart.
The curare-tipped dart hits you.
You are poisoned.
You have difficulty breathing.
You feel yourself slow down.
You feel sick.
Things that are here:
a +0 dagger; a +0 dagger You closely miss the kobold brigand.
You feel sick.
The kobold brigand hits you but does no damage. x2
You barely miss the kobold brigand.
You feel sick.
You are no longer poisoned.
You block the kobold brigand's attack. The kobold brigand barely misses you.
You slash the kobold brigand!
The kobold brigand is moderately wounded.
The kobold brigand hits you with a +0 club. x2
You slash the kobold brigand!
The kobold brigand is heavily wounded.
The kobold brigand hits you but does no damage. x2
You slash the kobold brigand!
The kobold brigand is almost dead.
The kobold brigand closely misses you. You block the kobold brigand's attack.
You closely miss the kobold brigand.
The kobold brigand is almost dead.
The kobold brigand hits you with a +0 club!
* * * LOW HITPOINT WARNING * * *
The kobold brigand hits you with a +0 club.
You die...

#.#.# #.... . #.#.#
#..# . #.#.#####..##
.##..<))......# ###
. ......).......##
≈≈###.#
......#####....#
≈≈≈≈≈
.#.###########.#
≈≈≈≈ # .#.#
........#### ≈≈# #..
.#.#
#######..@K#####...K
.#.# #....)).....#
.#.# #.###)....###
.#.# #.# #######
.#.# #.# ...# #.#
##.# ..# ##.# ..
##.#


You could see a kobold brigand.

Vanquished Creatures
  3 adders (D:2)
  A dart slug (D:3)
  A ball python (D:2)
  A bat (D:2)
  An endoplasm (D:2)
  3 giant cockroaches (D:2)
  3 hobgoblins
  2 quokkas (D:2)
  2 frilled lizards
  8 kobolds
  3 rats
28 creatures vanquished.

Notes
Turn   | Place    | Note
-------+----------+-------------------------------------------
     0 | D:1      | Peloso the Minotaur Fighter began the quest for the Orb.
     0 | D:1      | Reached XP level 1. HP: 19/19 MP: 0/0
    39 | D:1      | You fall into a shaft and drop 1 floor!
    72 | D:2      | Reached XP level 2. HP: 23/27 MP: 1/1
   223 | D:2      | Found the +7 Kryia's mail coat {PotionHeal*2 rC+}
   369 | D:2      | Reached XP level 3. HP: 32/33 MP: 2/2
   593 | D:2      | Found a shimmering altar of Xom.
  1088 | D:3      | Noticed a kobold brigand
  1132 | D:3      | Slain by a kobold brigand

Illustrated notes

Levels and vault maps discovered:
D:1:      elethiomel_arrival_maze, layout_loops_ring,
          hellmonk_ecumenical_altar_heavens_door, minmay_misc_feat_pillars,
          dk_noncrumbling_2
D:2:      layout_basic, basic_altar, minmay_strange_pillars,
          minmay_curled_crystal
D:3:      cheibrodos_thug_alley, layout_loops_ring, vehumet_altar_wand_db,
          gammafunk_ghost_mausoleum, ebering_dispersal_statue_hall,
          chequers_serial_rivers_micro_c, roderic_serpentine_path,
          kennysheep_generic_room_5, uniq_natasha

Skill      XL: |  1  2 |
---------------+-------+-----
Shields        | 4 |  4.1
Fighting       | 4 |  4.2
Armour         | 4 |  4.5
Long Blades    | 3 |  3.1
Dodging        | |  0.1

Action                   || total
-------------------------++-------
Melee: Long sword        ||    50
       Headbutt          ||     6
Armor: Scale mail        ||    41
Dodge: Dodged            ||    25
Block: Buckler           ||     6
